 Dungeon Crawl Stone Soup version 0.26-a0-259-g1effd001a9 (webtiles) character file.

Game seed: 2387121524264346161

327 Goblin1989 the Ruffian (level 6, 0/61 HPs)
             Began as a Troll Fighter on July 14, 2020.
             Slain by Natasha (8 damage)
             ... on level 3 of the Dungeon.
             The game lasted 00:02:34 (1253 turns).

Goblin1989 the Ruffian (Troll Fighter)              Turns: 1253, Time: 00:02:35

Health: 0/61       AC:  6    Str: 27    XL:     6   Next: 24%
Magic:  5/5        EV:  9    Int:  4    God:
Gold:   82         SH:  9    Dex:  9    Spells: 5/5 levels left

rFire    . . .     SeeInvis .     - Unarmed
rCold    . . .     Faith    .   b - +0 kite shield
rNeg     . . .     Spirit   .   a - +0 robe
rPois    .         Reflect  .   (helmet restricted)
rElec    .         Harm     .   (no cloak)
rCorr    .                      (gloves unavailable)
MR       .....                  (boots unavailable)
Stlth    +.........             (no amulet)
HPRegen  0.60/turn              (no ring)
MPRegen  0.09/turn              (no ring)

@: no status effects
A: large, unfitting armour, claws 3, fast metabolism 1, regeneration 1, shaggy
fur 1, tough skin 3
a: no special abilities


You were on level 3 of the Dungeon.
You were not hungry.

You visited 1 branch of the dungeon, and saw 3 of its levels.

You collected 82 gold pieces.

Inventory:

Armour
 a - a +0 robe (worn)
 b - a +0 kite shield (worn)
Jewellery
 k - a cursed amulet of inaccuracy {unknown}
Wands
 n - a wand of flame (9) {@v6}
Scrolls
 f - 2 scrolls of remove curse {unknown}
 i - 2 scrolls of identify {unknown}
 l - a scroll of random uselessness {unknown}
Potions
 c - 2 potions of might {@q4}
 g - a potion of lignification {unknown}
 h - 3 potions of heal wounds
 j - 2 potions of brilliance {unknown}
 m - a potion of degeneration {unknown}
 o - a potion of magic {unknown}
 p - a potion of curing {unknown}
Comestibles
 e - 13 rations


   Skills:
 + Level 3.3 Fighting
 + Level 3.3 Dodging
 + Level 3.3 Shields
 * Level 4.4 Unarmed Combat


You had 5 spell levels left.
You didn't know any spells.
Your spell library was empty.

Dungeon Overview and Level Annotations

Branches:
Dungeon (3/15)

Altars:

Annotations:
D:3 Natasha


Innate Abilities, Weirdness & Mutations

You are too large for most types of armour.
You have claws for hands.
You have a fast metabolism.
Your natural rate of healing is unusually fast.
You are covered in fur. (AC +1)
You have extremely tough skin. (AC +3)


Message History

The frilled lizard bites you but does no damage.
The goblin hits you but does no damage. You block the frilled lizard's attack.
The bat hits you but does no damage.
A leopard gecko comes into view.
You completely miss the bat. The bat hits you but does no damage.
The goblin hits you but does no damage. You block the frilled lizard's attack.
The frilled lizard bites you but does no damage.
The bat closely misses you.
You scratch the frilled lizard.
You kill the frilled lizard!
You block the bat's attack. The goblin hits you but does no damage.
You block the bat's attack. You block the frilled lizard's attack.
You mangle the hobgoblin!!
You kill the hobgoblin!
The bat closely misses you.
A jackal comes into view.
You block the jackal's attack. The goblin hits you but does no damage.
The frilled lizard bites you.
The jackal moves out of view.
The goblin shouts!
You scratch the jackal.
You kill the jackal!
The bat hits you but does no damage. The goblin hits you with a +0 dagger.
The frilled lizard bites you.
You take 4 damage, and have 36/61 hp.
You are too injured to fight recklessly!
You are too injured to fight recklessly!
You are too injured to fight recklessly!
You are too injured to fight recklessly!
You are too injured to fight recklessly!
You are too injured to fight recklessly!
You are too injured to fight recklessly!
You are too injured to fight recklessly!
You are too injured to fight recklessly!
You are too injured to fight recklessly!
You are too injured to fight recklessly!
You are too injured to fight recklessly!
You are too injured to fight recklessly!
You are too injured to fight recklessly!
You are too injured to fight recklessly!
You are too injured to fight recklessly!
You are too injured to fight recklessly!
Unknown command.
You block the bat's attack. The goblin barely misses you.
You see here a goblin corpse.
The bat barely misses you. The bat hits you but does no damage.
You block the bat's attack. You block the bat's attack.
Natasha, Servant of Life and Death comes into view.
Natasha hisses angrily.
The bat barely misses you.
Natasha casts a spell.
You block the bat's attack.
The leopard gecko hisses angrily.
The bat hits you.
The crimson imp blinks!
The bat hits you but does no damage. Natasha casts a spell at you.
The magic dart hits you.
You take 4 damage, and have 36/61 hp.
The bat hits you but does no damage.
Natasha stares at you and mumbles some strange words.
The magic dart hits you!
You take 7 damage, and have 30/61 hp.
Natasha stares at you and mumbles some strange words.
The magic dart hits you!
* * * LOW HITPOINT WARNING * * *
You take 7 damage, and have 23/61 hp.
You completely miss Natasha. The bat hits you but does no damage.
The goblin closely misses you. You block Natasha's attack.
You miss Natasha. You block the bat's attack.
The goblin hits you with a +0 dagger.
* * * LOW HITPOINT WARNING * * *
Natasha barely misses you.
You take 2 damage, and have 22/61 hp.
You claw Natasha!
Natasha is almost dead.
You block the crimson imp's attack. The goblin hits you with a +0 dagger.
* * * LOW HITPOINT WARNING * * *
You block the frilled lizard's attack. Natasha claws you!
* * * LOW HITPOINT WARNING * * *
The leopard gecko barely misses you.
You take 8 damage, and have 14/61 hp.
You closely miss Natasha.
Natasha is almost dead.
The crimson imp completely misses you. You block the goblin's attack.
The frilled lizard bites you.
* * * LOW HITPOINT WARNING * * *
The leopard gecko barely misses you.
Natasha drinks a potion.
Natasha is healed!
You take 2 damage, and have 12/61 hp.
You barely miss Natasha. You block the crimson imp's attack.
You block the leopard gecko's attack. The goblin hits you but does no damage.
The frilled lizard barely misses you. Natasha claws you.
* * * LOW HITPOINT WARNING * * *
You take 5 damage, and have 7/61 hp.
You miss Natasha.
The crimson imp hits you but does no damage.
The leopard gecko bites you but does no damage.
You block the goblin's attack. Natasha claws you!
You die...

.. █..............█ ..... ██
█.███..........██..███.....<. .
█...)..........█ ............. █
█.....†..$.....█ █..█.....>...██
......))g......█████.█...........
█.....██████..███....█..>..>..██<
█...w...........b............. █.
██...███.......ll5............ ██
█..█ █.....w.gg@h............ █
.... █..█.███.███.....██.██████
.... ..... █.█ █.....██.█.....
...█ █.█ █.█.[......█ ██.
........████).██ . █......██
██..█ █......█


██)█ █.█...██ █†█ █.█.█. █.██ ███ You could see a worm, Natasha, a crimson imp
(summoned), a leopard gecko, 2 goblins, a bat and a frilled lizard.

Vanquished Creatures
  Sigmund (D:3)
  Natasha (D:3)
  3 gnolls (D:3)
  4 adders
  An ooze (D:3)
  A worm (D:2)
  2 dart slugs (D:1)
  3 leopard geckos
  2 orcs (D:3)
  7 bats
  5 giant cockroaches
  4 goblins
  7 hobgoblins
  8 jackals
  2 quokkas (D:2)
  9 frilled lizards
  8 kobolds
  5 rats (D:1)
73 creatures vanquished.

Notes
Turn   | Place    | Note
-------+----------+-------------------------------------------
     0 | D:1      | Goblin1989 the Troll Fighter began the quest for the Orb.
     0 | D:1      | Reached XP level 1. HP: 22/22 MP: 0/0
   146 | D:1      | Reached XP level 2. HP: 28/29 MP: 1/1
   362 | D:1      | Reached XP level 3. HP: 36/36 MP: 2/2
   685 | D:2      | Reached skill level 3 in Unarmed Combat
   713 | D:2      | Reached XP level 4. HP: 28/44 MP: 3/3
  1001 | D:3      | Noticed Sigmund
  1137 | D:3      | Killed Sigmund
  1137 | D:3      | Reached skill level 4 in Unarmed Combat
  1137 | D:3      | Reached XP level 5. HP: 23/53 MP: 4/4
  1218 | D:3      | Reached XP level 6. HP: 50/61 MP: 5/5
  1218 | D:3      | Noticed Natasha
  1226 | D:3      | Killed Natasha
  1242 | D:3      | Noticed Natasha
  1253 | D:3      | Slain by Natasha

Illustrated notes

Levels and vault maps discovered:
D:1:      lemuel_arrival_lava_pool, layout_basic, minmay_worlds_worst_comb
D:2:      layout_rooms, first_ration
D:3:      layout_rooms, uniq_sigmund, uniq_natasha

Skill      XL: |  1  2  3  4 |
---------------+-------------+-----
Unarmed Combat | 3 4 |  4.4
Fighting       | 3 |  3.3
Dodging        | 3 |  3.3
Shields        | 3 |  3.3

Action                   |  1- 3 |  4- 6 || total
-------------------------+-------+-------++-------
Melee: Unarmed           |   114 |    83 ||   197
  Use: Potion            |       |     1 ||     1
  Eat: Ration            |       |     1 ||     1
Armor: Robe              |    48 |    53 ||   101
Dodge: Dodged            |    48 |    46 ||    94
Block: Kite shield       |    64 |    71 ||   135

Table legend:
 A = Non-vault XP
 B = Vault XP
 C = Vault XP percentage of total XP
 D = Non-vault monster count
 E = Vault monster count
 F = Vault count percentage of total count
                 A         B        C        D         E       F
            +---------+---------+-------+---------+---------+-------
      Total |     213 |     255 |  54.5 |      69 |       4 |   5.5
            +---------+---------+-------+---------+---------+-------
        D:1 |      47 |       4 |   7.8 |      26 |       2 |   7.1
        D:2 |      76 |       0 |   0.0 |      23 |       0 |   0.0
        D:3 |      90 |     251 |  73.6 |      20 |       2 |   9.1
            +---------+---------+-------+---------+---------+-------
